NWL (28 & UNDER)
BISMARK BORDER GUARDS @ MENLO MANIACS
05/05/2030
 
TOP OF THE 1ST
Bismark Border Guards batting - Pitching for Menlo Maniacs : RHP Cristo Balderas
Pitching: RHP Cristo Balderas
Batting: RHB Alfredo Farías 0-0: Ball
1-0: Ground out U3 (Groundball, 34)
Batting: RHB Warren Martin 0-0: Swinging Strike
0-1: Ball
1-1: Fly out, F9 (Flyball, 9LMF)
Batting: RHB Sergio Solíz 0-0: Ball
1-0: Called Strike
1-1: Foul Ball, location: 2F
1-2: Strikes out looking
Top of the 1st over - 0 runs, 0 hits, 0 errors, 0 left on base; Bismark 0 - Menlo 0
BOTTOM OF THE 1ST
Menlo Maniacs batting - Pitching for Bismark Border Guards : LHP Jeffrey Glass
Pitching: LHP Jeffrey Glass
Batting: RHB José Luján 0-0: Ball
1-0: SINGLE (Line Drive, 8LS)
Batting: RHB William Rogers 0-0: Ball
1-0: Foul Ball, location: 2F
1-1: Ball
2-1: Foul Ball, location: 2F
2-2: Foul Ball, location: 2F
2-2: Foul Ball, location: 2F
2-2: Strikes out looking
Batting: RHB Clinton Barton 0-0: Foul Ball, location: 2F
0-1: Ball
1-1: Ball
2-1: Foul Ball, location: 2F
2-2: Foul Ball, location: 2F
2-2: Ball
3-2: Base on Balls
José Luján to second
Batting: RHB Bob Fitzgerald 0-0: Ball
Balk!
José Luján to third
Clinton Barton to second
1-0: Called Strike
1-1: Ball
2-1: Fly out, F9 (Flyball, 9S)
Runner from 3rd tags up, OUT at HOME
Bottom of the 1st over - 0 runs, 1 hit, 0 errors, 1 left on base; Bismark 0 - Menlo 0
TOP OF THE 2ND
Bismark Border Guards batting - Pitching for Menlo Maniacs : RHP Cristo Balderas
Batting: LHB Alan Moore 0-0: Ball
1-0: Foul Ball, location: 2F
1-1: Swinging Strike
1-2: Ball
2-2: Ball
3-2: Foul Ball, location: 2F
3-2: Base on Balls
Batting: RHB Leonard Harris 0-0: Called Strike
0-1: Ball
1-1: Ball
2-1: Called Strike
2-2: Foul Ball, location: 2F
2-2: Grounds into double play, 5-4-3 (Groundball, 56)
Batting: RHB Mario Carranza 0-0: Ball
1-0: Ball
2-0: Swinging Strike
2-1: Swinging Strike
2-2: Strikes out swinging
Top of the 2nd over - 0 runs, 0 hits, 0 errors, 0 left on base; Bismark 0 - Menlo 0
BOTTOM OF THE 2ND
Menlo Maniacs batting - Pitching for Bismark Border Guards : LHP Jeffrey Glass
Batting: LHB Robby Lawson 0-0: Ball
1-0: SINGLE (Flyball, 7S)
Batting: RHB Joe Smith 0-0: Ball
1-0: Foul Ball, location: 2F
1-1: Foul Ball, location: 2F
1-2: Ball
2-2: Strikes out swinging
Batting: RHB Carlos Villagrama 0-0: Ball
1-0: Foul Ball, location: 2F
1-1: Foul Ball, location: 2F
1-2: Fly out, F8 (Flyball, 8RD)
Batting: RHB Miguel González 0-0: Swinging Strike
0-1: Ball
1-1: SINGLE (Groundball, 6MS) (infield hit)
Robby Lawson to second
Batting: RHB Dani Torres 0-0: Fielders Choice at 2nd, 6-4 (Groundball, 6)
Bottom of the 2nd over - 0 runs, 2 hits, 0 errors, 2 left on base; Bismark 0 - Menlo 0
TOP OF THE 3RD
Bismark Border Guards batting - Pitching for Menlo Maniacs : RHP Cristo Balderas
Batting: RHB Danny Spode 0-0: SOLO HOME RUN (Flyball, 8RXD), Distance : 429 ft
Batting: LHB Kelsey Scott 0-0: Called Strike
0-1: Ball
1-1: SINGLE (Line Drive, 89S)
Batting: SHB Richard Griffin 0-0: Ball
1-0: Ball
Kelsey Scott steals 2nd base
2-0: Fly out, F6 (Popup, 6)
Batting: RHB Alfredo Farías 0-0: Ball
1-0: Called Strike
1-1: Swinging Strike
1-2: Strikes out looking
Batting: RHB Warren Martin 0-0: Ball
1-0: Foul Ball, location: 2F
1-1: Foul Ball, location: 2F
1-2: Foul Ball, location: 2F
1-2: Foul Ball, location: 2F
1-2: Ground out 5-3 (Groundball, 5)
Top of the 3rd over - 1 run, 2 hits, 0 errors, 1 left on base; Bismark 1 - Menlo 0
BOTTOM OF THE 3RD
Menlo Maniacs batting - Pitching for Bismark Border Guards : LHP Jeffrey Glass
Batting: RHB José Luján 0-0: Ball
1-0: Ball
2-0: Ball
3-0: Called Strike
3-1: Foul Ball, location: 2F
3-2: Base on Balls
Batting: RHB William Rogers 0-0: Ball
1-0: Grounds into double play, 3-6-3 (Groundball, 3)
Batting: RHB Clinton Barton 0-0: Ball
1-0: Ball
2-0: Foul Ball, location: 2F
2-1: Ground out 6-3 (Groundball, 6S)
Bottom of the 3rd over - 0 runs, 0 hits, 0 errors, 0 left on base; Bismark 1 - Menlo 0
TOP OF THE 4TH
Bismark Border Guards batting - Pitching for Menlo Maniacs : RHP Cristo Balderas
Batting: RHB Sergio Solíz 0-0: Called Strike
0-1: Ball
1-1: Foul Ball, location: 2F
1-2: Fly out, F8 (Flyball, 8RS)
Batting: LHB Alan Moore 0-0: Foul Ball, location: 2F
0-1: Fly out, F7 (Flyball, 78XD)
Batting: RHB Leonard Harris 0-0: Ball
1-0: Ball
2-0: Ball
3-0: Called Strike
3-1: SOLO HOME RUN (Line Drive, 78XD), Distance : 409 ft
Batting: RHB Mario Carranza 0-0: Foul Ball, location: 2F
0-1: SINGLE (Groundball, 6MD)
Batting: RHB Danny Spode 0-0: Swinging Strike
0-1: Swinging Strike
0-2: Fly out, F7 (Flyball, 7)
Top of the 4th over - 1 run, 2 hits, 0 errors, 1 left on base; Bismark 2 - Menlo 0
BOTTOM OF THE 4TH
Menlo Maniacs batting - Pitching for Bismark Border Guards : LHP Jeffrey Glass
Batting: RHB Bob Fitzgerald 0-0: Ball
1-0: Ball
2-0: SINGLE (Line Drive, 8LS)
Batting: LHB Robby Lawson 0-0: Swinging Strike
0-1: Ball
1-1: Swinging Strike
1-2: Strikes out swinging
Batting: RHB Joe Smith 0-0: Called Strike
0-1: Grounds into double play, 5-4-3 (Groundball, 56)
Bottom of the 4th over - 0 runs, 1 hit, 0 errors, 0 left on base; Bismark 2 - Menlo 0
TOP OF THE 5TH
Bismark Border Guards batting - Pitching for Menlo Maniacs : RHP Cristo Balderas
Batting: LHB Kelsey Scott 0-0: Ball
1-0: Foul Ball, location: 2F
1-1: Foul Ball, location: 2F
1-2: Strikes out looking
Batting: SHB Richard Griffin 0-0: SOLO HOME RUN (Flyball, 9LD), Distance : 344 ft
Batting: RHB Alfredo Farías 0-0: Ball
1-0: Ball
2-0: Foul Ball, location: 2F
2-1: Foul Ball, location: 2F
2-2: Ball
3-2: Foul Ball, location: 2F
3-2: Base on Balls
Batting: RHB Warren Martin 0-0: Fielders Choice at 2nd, 4-6 (Groundball, 4M)
Batting: RHB Sergio Solíz Pickoff Throw to First - Error! E1
Warren Martin to second
0-0: Ball
1-0: Ball
2-0: Ball
3-0: Foul Ball, location: 2F
3-1: Called Strike
3-2: Base on Balls
Batting: LHB Alan Moore 0-0: Called Strike
0-1: Fielders Choice at 2nd, 5-4 (Groundball, 56)
Top of the 5th over - 1 run, 1 hit, 1 error, 2 left on base; Bismark 3 - Menlo 0
BOTTOM OF THE 5TH
Menlo Maniacs batting - Pitching for Bismark Border Guards : LHP Jeffrey Glass
Batting: RHB Carlos Villagrama 0-0: Called Strike
0-1: Ball
1-1: Ball
2-1: Fly out, F9 (Flyball, 9LSF)
Batting: RHB Miguel González 0-0: Ball
1-0: Ball
2-0: Ball
3-0: Called Strike
3-1: Foul Ball, location: 2F
3-2: Foul Ball, location: 2F
3-2: Ground out 6-3 (Groundball, 6)
Batting: RHB Dani Torres 0-0: Ball
1-0: Ball
2-0: SINGLE (Groundball, 56D)
Batting: RHB José Luján 0-0: Ball
1-0: Ball
2-0: Ball
3-0: Called Strike
3-1: Called Strike
3-2: Foul Ball, location: 2F
3-2: SINGLE (Flyball, 78S)
Dani Torres to second
Dani Torres to third
Batting: RHB William Rogers 0-0: Ball
1-0: Ball
2-0: Called Strike
2-1: Foul Ball, location: 2F
2-2: Strikes out looking
Bottom of the 5th over - 0 runs, 2 hits, 0 errors, 2 left on base; Bismark 3 - Menlo 0
TOP OF THE 6TH
Bismark Border Guards batting - Pitching for Menlo Maniacs : RHP Cristo Balderas
Batting: RHB Leonard Harris 0-0: Ball
1-0: Called Strike
1-1: Foul Ball, location: 2F
1-2: Foul Ball, location: 2F
1-2: Strikes out swinging
Batting: RHB Mario Carranza 0-0: Called Strike
0-1: Ground out 6-3 (Groundball, 6)
Batting: RHB Danny Spode 0-0: SOLO HOME RUN (Flyball, 78XD), Distance : 409 ft
Batting: LHB Kelsey Scott 0-0: Ball
1-0: Ball
2-0: SINGLE (Flyball, 7S)
Batting: SHB Richard Griffin 0-0: Swinging Strike
0-1: Ball
Kelsey Scott steals 2nd base
1-1: Ball
2-1: Ball
3-1: Base on Balls
Pitching: LHP Marc Sizemore
Batting: RHB Alfredo Farías 0-0: Called Strike
0-1: Ball
1-1: Foul Ball, location: 2F
1-2: Ball
2-2: Foul Ball, location: 2F
2-2: Ball
3-2: SINGLE (Line Drive, 8RS)
Kelsey Scott to third
Richard Griffin to second
Kelsey Scott scores
Richard Griffin to third
Batting: RHB Warren Martin 0-0: SINGLE (Line Drive, 78S)
Richard Griffin scores
Alfredo Farías to second
Runner from 2nd tries for 3rd, SAFE, throw made to third
Batting: RHB Sergio Solíz 0-0: Fly out, F8 (Flyball, 78D)
Top of the 6th over - 3 runs, 4 hits, 0 errors, 2 left on base; Bismark 6 - Menlo 0
BOTTOM OF THE 6TH
Menlo Maniacs batting - Pitching for Bismark Border Guards : LHP Jeffrey Glass
Batting: RHB Clinton Barton 0-0: Ball
1-0: Called Strike
1-1: Foul Ball, location: 2F
1-2: Ground out U3 (Groundball, 34S)
Batting: RHB Bob Fitzgerald 0-0: Called Strike
0-1: Fly out, F8 (Line Drive, 89D)
Batting: LHB Robby Lawson 0-0: Called Strike
0-1: Ball
1-1: Ball
2-1: Ground out 3-1 (Groundball, 34)
Bottom of the 6th over - 0 runs, 0 hits, 0 errors, 0 left on base; Bismark 6 - Menlo 0
TOP OF THE 7TH
Bismark Border Guards batting - Pitching for Menlo Maniacs : LHP Marc Sizemore
Batting: LHB Alan Moore 0-0: Fly out, F7 (Line Drive, 78M)
Batting: RHB Leonard Harris 0-0: Ball
1-0: Ball
2-0: Ball
3-0: Called Strike
3-1: Fly out, F7 (Flyball, 78M)
Batting: RHB Mario Carranza 0-0: Ball
1-0: Ball
2-0: Ground out 6-3 (Groundball, 6)
Top of the 7th over - 0 runs, 0 hits, 0 errors, 0 left on base; Bismark 6 - Menlo 0
BOTTOM OF THE 7TH
Menlo Maniacs batting - Pitching for Bismark Border Guards : LHP Jeffrey Glass
Batting: RHB Joe Smith 0-0: Ball
1-0: Foul Ball, location: 2F
1-1: Fly out, F8 (Flyball, 8RD)
Batting: RHB Carlos Villagrama 0-0: Called Strike
0-1: Ball
1-1: Foul Ball, location: 2F
1-2: Ball
2-2: Ground out 5-3 (Groundball, 56)
Batting: RHB Miguel González 0-0: Called Strike
0-1: SINGLE (Line Drive, 56D)
Batting: RHB Dani Torres 0-0: Called Strike
0-1: Called Strike
0-2: Ball
Miguel González is caught stealing 2nd base
Bottom of the 7th over - 0 runs, 1 hit, 0 errors, 0 left on base; Bismark 6 - Menlo 0
TOP OF THE 8TH
Bismark Border Guards batting - Pitching for Menlo Maniacs : LHP Marc Sizemore
Batting: RHB Danny Spode 0-0: Called Strike
0-1: Ball
1-1: Ball
2-1: Ball
3-1: Base on Balls
Batting: LHB Kelsey Scott 0-0: Fielders Choice at 2nd, 1-6 (Groundball, P)
Batting: SHB Richard Griffin 0-0: Foul Ball, location: 2F
0-1: Ball
1-1: Foul Ball, location: 2F
1-2: Ball
2-2: Grounds into double play, 3-6-3 (Groundball, 3)
Top of the 8th over - 0 runs, 0 hits, 0 errors, 0 left on base; Bismark 6 - Menlo 0
BOTTOM OF THE 8TH
Menlo Maniacs batting - Pitching for Bismark Border Guards : LHP Jeffrey Glass
Now at SS: Manuel Pérez
Batting: RHB Dani Torres 0-0: Called Strike
0-1: SOLO HOME RUN (Flyball, 7D), Distance : 382 ft
Batting: RHB José Luján 0-0: Called Strike
0-1: Ball
1-1: Ground out 5-3 (Groundball, 5L)
Batting: RHB William Rogers 0-0: Ground out 3-1 (Groundball, 34)
Batting: RHB Clinton Barton 0-0: Ball
1-0: Ground out 5-3 (Groundball, 56)
Bottom of the 8th over - 1 run, 1 hit, 0 errors, 0 left on base; Bismark 6 - Menlo 1
TOP OF THE 9TH
Bismark Border Guards batting - Pitching for Menlo Maniacs : LHP Marc Sizemore
Pitching: RHP Wayne Williams
Batting: RHB Alfredo Farías 0-0: Ball
1-0: Ball
2-0: Called Strike
2-1: Foul Ball, location: 2F
2-2: Strikes out swinging
Batting: RHB Warren Martin 0-0: Called Strike
0-1: Foul Ball, location: 2F
0-2: Foul Ball, location: 2F
0-2: Ball
1-2: Ball
2-2: Ball
3-2: Strikes out swinging
Batting: RHB Sergio Solíz 0-0: Ball
1-0: Ball
2-0: Fly out, F9 (Flyball, 9LD)
Top of the 9th over - 0 runs, 0 hits, 0 errors, 0 left on base; Bismark 6 - Menlo 1
BOTTOM OF THE 9TH
Menlo Maniacs batting - Pitching for Bismark Border Guards : LHP Jeffrey Glass
Now in LF: Oliver Sánchez
Batting: RHB Bob Fitzgerald 0-0: SINGLE (Line Drive, 4MD)
Batting: LHB Robby Lawson 0-0: Swinging Strike
0-1: Ball
1-1: Fly out, F9 (Line Drive, 9)
Batting: RHB Joe Smith 0-0: Called Strike
0-1: Swinging Strike
0-2: Strikes out swinging
Batting: RHB Carlos Villagrama 0-0: Ball
1-0: Ball
2-0: Foul Ball, location: 2F
2-1: Ball
3-1: Ground out 4-3 (Groundball, 4)
Bottom of the 9th over - 0 runs, 1 hit, 0 errors, 1 left on base; Bismark 6 - Menlo 1
Saturday, April 7th, 2018 - OOTP Baseball 18.8 Build 76